 Dungeon Crawl Stone Soup version 0.31-a0-831-g143b1e81fc (webtiles) character file.

Game seed: 16110325427887741255

8750 ipx the Basher (level 11, -2/96 HPs)
             Began as an Armataur Fighter on Sept 24, 2023.
             Was an Elder of Makhleb.
             Succumbed to a salamander's poison
             ... in a volcano.
             The game lasted 01:08:19 (3839 turns).

ipx the Basher (Armataur Fighter)                   Turns: 3839, Time: 01:08:20

Health: -2/96      AC: 21    Str: 26    XL:     11   Next: 14%
Magic:  14/14      EV:  4    Int:  8    God:    Makhleb [****..]
Gold:   305        SH:  0    Dex: 10    Spells: 10/10 levels left

rFire   . . .        b - +2 dire flail (protect)
rCold   . . .        (shield currently unavailable)
rNeg    . . .        v - +0 chain mail
rPois   +            (no helmet)
rElec   .            (no cloak)
rCorr   .            E - +0 pair of gloves
SInv    .            h - +0 barding
Will    .....        (no amulet) Stlth
                     p - ring of poison resistance
HPRegen 0.36/turn    (no ring)
MPRegen 0.14/turn

%: roll
@: lethally poisoned (-2 -> -17), under a protective aura
A: large, rugged brown scales 3, deformed body, armoured tail, roll, long
tongue, awkward tongue
a: Renounce Religion, Minor Destruction, Lesser Servant of Makhleb, Major
Destruction


You were in a volcano.
You worshipped Makhleb.
Makhleb was greatly pleased with you.
You visited 3 branches of the dungeon, and saw 12 of its levels.
You also visited: Sewer, Gauntlet and Volcano.

You collected 305 gold pieces.

Inventory:

Hand Weapons
 b - a +2 dire flail of protection (weapon)
Missiles
 l - 9 poisoned darts
Armour
 h - a +0 barding (worn)
 v - a +0 chain mail (worn)
 B - a +0 troll leather armour
 C - +0 acid dragon scales
 D - a +0 buckler
 E - a +0 pair of gloves (worn)
Jewellery
 c - a +6 ring of intelligence
 e - a ring of flight
 p - a ring of poison resistance (left hand)
Wands
 d - a wand of mindburst (16)
 g - a wand of quicksilver (20)
 o - a wand of iceblast (11)
 r - a wand of flame (24)
 u - a wand of polymorph (6)
Scrolls
 f - 3 scrolls of enchant weapon
 j - a scroll of identify
 t - 2 scrolls of butterflies {sewer}
 x - a scroll of torment
 y - a scroll of enchant armour {unknown}
 A - a scroll of blinking
Potions
 a - a potion of attraction {sewer}
 k - 2 potions of heal wounds {unknown}
 n - a potion of cancellation {unknown}
 s - a potion of lignification {unknown}
 w - a potion of ambrosia {unknown}
 z - a potion of mutation {unknown}
Miscellaneous
 i - a phial of floods (inert)
 m - a condenser vane
 q - a phantom mirror


   Skills:
 - Level 6.3 Fighting
 - Level 4.1(8.6) Axes
 + Level 12.8(13.1) Maces & Flails
 + Level 4.6 Armour
 - Level 3.2 Shields
 + Level 4.4 Invocations
 - Level 4.0 Evocations


You had 10 spell levels left.
You didn't know any spells.
Your spell library contained the following spells:

 Spells                   Type           Power      Damage    Failure   Level
 Gell's Gravitas          Tloc           0%         N/A       99%         3
 Ignite Poison            Fire/Tmut/Pois 0%         N/A       99%         3
 Teleport Other           Tloc           0%         N/A       99%         3
 Animate Armour           Summ/Erth      0%         N/A       100%        4
 Olgreb's Toxic Radiance  Pois           0%         N/A       100%        4
 Dispersal                Tloc           0%         N/A       100%        6


Dungeon Overview and Level Annotations

Branches:
Dungeon (10/15)            Temple (1/1) D:4            Lair (1/5) D:10
  Sewer (visited)         Volcano (1/1)             Gauntlet (visited)
    Orc: D:9-12

Altars:
Dithmenos
Elyvilon
Fedhas
Gozag
Hepliaklqana
Kikubaaqudgha
Makhleb
Nemelex Xobeh
Okawaru
Qazlal
Wu Jian
Yredelemnul
Zin
The Shining One

Shops:
D:4 =:::


Innate Abilities, Weirdness & Mutations

You are completely covered in rugged brown scales. (AC +3, +7% HP)
Armour fits poorly on your strangely shaped body.
You have a long armoured tail.
You roll when moving toward enemies. (Rampage)
Your long tongue fully drains potion bottles. (2x potion effects)
Your tongue gives you trouble enunciating. (1.5x scroll delay)


Message History

The salamander hits you from afar with a +2 glaive of venom!
You are engulfed in flames!
You are poisoned.
You sock the hell hound!
You kill the hell hound!
Makhleb accepts your kill.
You are engulfed in a cloud of scalding steam.
You feel very sick.
Press: ? - help, v - describe, . - travel
Here: a salamander, wielding a +2 glaive of venom The floor.
In the distance, the volcano erupts with a roar.
You are engulfed in a cloud of scalding steam.
You feel very sick.
The centaur shoots an arrow.
The arrow hits you. The arrow burns you.
You roll towards the centaur!
You barely miss the centaur.
You feel sick.
The centaur unwields a +2 shortbow of flaming.
It stops flaming.
The centaur hits you but does no damage.
The centaur kicks you but does no damage.
You impale the centaur!! You tail-slap the centaur.
The centaur is almost dead.
You feel sick.
The salamander hits you but does no damage.
The centaur hits you but does no damage.
The centaur kicks you but does no damage.
The salamander hits you from afar with a +3 trident!
You are engulfed in flames!
* * * LOW HITPOINT WARNING * * *
You puncture the centaur!
You kill the centaur!
Makhleb accepts your kill.
You feel better.
You feel sick.
The salamander hits you with a +2 glaive of venom.
* * * LOW HITPOINT WARNING * * *
You are engulfed in flames!
* * * LOW HITPOINT WARNING * * *
You are more poisoned.
You barely miss the salamander.
You die...

§≈≈≈§≈≈.≈≈≈§§§≈.≈§§≈≈≈≈≈
##........§...^^^......
#....#####...##+##...##
#'#..##...##.## ##.##
#.#..#.....#.# #.#
#.#..#.)...#.# #.#
.##..##.N.##.## ##.## #
#...##N##...#####...##
#....@).^.............
≈≈≈≈≈~~~≈~~~~~≈~..≈~.~~~.
≈≈≈≈≈≈≈≈≈≈.≈~≈~~≈~.~~~~≈.~
≈≈≈≈≈≈≈≈≈~~≈≈≈≈≈≈~~~≈≈≈≈~≈
≈≈≈≈≈≈≈≈≈≈≈≈≈≈≈≈≈≈≈≈≈≈≈~≈≈
≈≈≈≈≈≈≈≈≈≈≈≈≈≈≈≈≈≈≈≈≈≈≈≈≈≈
≈≈≈≈≈≈≈≈≈≈≈≈≈≈≈≈≈≈≈≈≈≈≈≈≈≈
≈≈≈≈≈≈≈≈≈≈≈≈≈≈≈≈≈≈≈≈≈≈≈≈≈


You could see 2 salamanders.

Vanquished Creatures
  A minotaur (Gauntlet)
  A sixfirhy (Gauntlet)
  An ugly thing (Gauntlet)
  A cane toad (Lair:1)
  A gargoyle (Gauntlet)
  A komodo dragon (Lair:1)
  2 trolls (D:9)
  Sigmund (D:4)
  11 yaks
  2 steam dragons (D:9)
  Edmund (D:4)
  An acid dragon (D:9)
  A hell hound (Volcano)
  3 water moccasins
  2 ice beasts (D:6)
  3 black bears
  A sky beast (D:7)
  6 wolves (Lair:1)
  A boggart (D:4)
  An ogre (D:6)
  2 centaurs
  A kobold brigand (D:9)
  Blork the orc (D:5)
  5 bullfrogs
  2 scorpions
  8 wights
  Dowan (D:4)
  7 killer bees (D:9)
  2 howler monkeys (D:7)
  A gnoll bouda (D:6)
  An orc priest (D:6)
  4 jellies (D:5)
  A sleepcap (D:6)
  An orc wizard (D:6)
  An iguana (D:6)
  8 gnolls
  A river rat (D:6)
  4 adders
  2 white imps
  3 ufetubi (Gauntlet)
  2 worms
  2 dart slugs (D:4)
  2 bats
  5 endoplasms
  7 giant cockroaches
  4 goblins
  4 hobgoblins
  10 kobolds
  2 quokkas
  17 ball pythons
  2 frilled lizards (Sewer)
  5 rats
160 creatures vanquished.

Notes
Turn   | Place    | Note
-------+----------+-------------------------------------------
     0 | D:1      | ipx the Armataur Fighter began the quest for the Orb.
     0 | D:1      | Reached XP level 1. HP: 19/19 MP: 1/1
   243 | D:1      | Reached XP level 2. HP: 24/26 MP: 2/2
   243 | D:1      | Found a faded altar of an unknown god.
   511 | D:4      | Found a staircase to the Ecumenical Temple.
   533 | D:4      | Reached XP level 3. HP: 31/32 MP: 3/3
   550 | Temple   | Entered the Ecumenical Temple
   565 | Temple   | Became a worshipper of Makhleb the Destroyer
   604 | D:4      | Found Congeov's Book Shoppe.
   703 | D:4      | Found a hazy altar of Hepliaklqana.
   718 | D:4      | Found Liocubuist's Book Emporium.
   744 | D:4      | Found Etta's Book Boutique.
   779 | D:4      | Found Xudet's Jewellery Shoppe.
   850 | D:3      | Reached skill level 1 in Evocations
   865 | D:3      | Found an ornate altar of the Wu Jian Council.
   889 | D:5      | Entered Level 5 of the Dungeon
   889 | D:5      | Noticed a scorpion
   900 | D:4      | Reached XP level 4. HP: 38/39 MP: 4/4
   941 | D:4      | Noticed Sigmund
   952 | D:4      | Killed Sigmund
   953 | D:4      | Reached XP level 5. HP: 44/44 MP: 5/5
   957 | D:4      | Found a shadowy altar of Dithmenos.
   958 | D:4      | Noticed Edmund
   995 | D:4      | Killed Edmund
   996 | D:4      | Reached XP level 6. HP: 54/54 MP: 6/6
  1007 | D:4      | Noticed Dowan
  1013 | D:4      | Killed Dowan
  1016 | D:4      | Noticed Duvessa
  1019 | D:4      | Duvessa changed into Duvessa the boggart
  1019 | D:4      | Noticed Duvessa
  1022 | D:4      | Killed Duvessa the boggart
  1023 | D:4      | Reached skill level 2 in Maces & Flails
  1038 | D:4      | Found a basalt altar of Yredelemnul.
  1117 | D:5      | Reached XP level 7. HP: 38/60 MP: 7/7
  1169 | D:5      | Reached * piety under Makhleb
  1270 | D:6      | Noticed a two-headed ogre
  1411 | D:5      | Noticed Blork the orc
  1469 | D:6      | Reached skill level 3 in Maces & Flails
  1503 | D:6      | Noticed Maggie
  1506 | D:6      | Maggie changed into Maggie the scorpion
  1506 | D:6      | Noticed Maggie
  1508 | D:6      | Killed Maggie the scorpion
  1557 | D:6      | Reached XP level 8. HP: 71/71 MP: 8/8
  1562 | D:6      | Reached skill level 5 in Fighting
  1562 | D:6      | Reached skill level 4 in Maces & Flails
  1627 | D:6      | Found a glowing drain.
  1661 | Sewer    | Entered a sewer
  1728 | Sewer    | Reached ** piety under Makhleb
  1844 | Sewer    | Reached skill level 5 in Maces & Flails
  1903 | D:7      | Noticed a two-headed ogre
  2023 | D:5      | Killed Blork the orc
  2091 | D:7      | Found an ancient bone altar of Kikubaaqudgha.
  2158 | D:7      | HP: 3/75 [water moccasin (8)]
  2169 | D:7      | Reached skill level 6 in Maces & Flails
  2273 | D:8      | Reached XP level 9. HP: 44/82 MP: 9/9
  2319 | D:8      | Reached skill level 7 in Maces & Flails
  2440 | D:8      | Reached *** piety under Makhleb
  2452 | D:8      | Reached skill level 8 in Maces & Flails
  2532 | D:10     | Entered Level 10 of the Dungeon
  2535 | D:10     | Found a staircase to the Lair.
  2549 | D:9      | Reached skill level 9 in Maces & Flails
  2677 | D:9      | Noticed a troll
  2683 | D:9      | Killed a troll
  2692 | D:9      | Noticed a troll
  2698 | D:9      | Killed a troll
  2818 | D:9      | Reached skill level 10 in Maces & Flails
  2930 | D:9      | Reached XP level 10. HP: 73/89 MP: 10/10
  3226 | Lair:1   | Entered Level 1 of the Lair of Beasts
  3237 | Lair:1   | Reached skill level 11 in Maces & Flails
  3286 | Lair:1   | Noticed a cane toad
  3293 | Lair:1   | Killed a cane toad
  3362 | Lair:1   | Reached **** piety under Makhleb
  3367 | Lair:1   | Reached skill level 12 in Maces & Flails
  3370 | Lair:1   | Found a gate leading to a gauntlet.
  3410 | Gauntlet | Entered a Gauntlet
  3410 | Gauntlet | Noticed a catoblepas
  3410 | Gauntlet | Found a transporter.
  3411 | Gauntlet | Noticed a gargoyle
  3413 | Gauntlet | Noticed a gargoyle
  3418 | Gauntlet | Found a transporter.
  3419 | Gauntlet | Found a transporter.
  3424 | Gauntlet | Noticed a sixfirhy
  3433 | Gauntlet | Found a transporter.
  3435 | Gauntlet | Found a transporter.
  3439 | Gauntlet | Noticed a great orb of eyes
  3441 | Gauntlet | Found a runed translucent gate.
  3441 | Gauntlet | Found a runed translucent gate.
  3441 | Gauntlet | Noticed an obsidian statue
  3444 | Gauntlet | Found a runed translucent gate.
  3444 | Gauntlet | Found a transporter.
  3459 | Gauntlet | Noticed a cyan ugly thing
  3460 | Gauntlet | Found a transporter.
  3461 | Gauntlet | Noticed a white ugly thing
  3470 | Gauntlet | Found a transporter.
  3474 | Gauntlet | Noticed a blizzard demon
  3477 | Gauntlet | Noticed a death yak
  3477 | Gauntlet | Noticed a death yak
  3477 | Gauntlet | Noticed a death yak
  3477 | Gauntlet | Noticed a death yak
  3480 | Gauntlet | Found a transporter.
  3480 | Gauntlet | Noticed a torpor snail
  3480 | Gauntlet | Noticed a death yak
  3494 | Gauntlet | Found a transporter.
  3496 | Gauntlet | Found a transporter.
  3505 | Gauntlet | Found a transporter.
  3512 | Gauntlet | Noticed an ice statue
  3539 | Gauntlet | Killed a gargoyle
  3540 | Gauntlet | Reached skill level 1 in Invocations
  3563 | Gauntlet | Killed a sixfirhy
  3565 | Gauntlet | Found a transporter.
  3599 | Gauntlet | Killed a cyan ugly thing
  3600 | Gauntlet | Reached XP level 11. HP: 64/96 MP: 13/13
  3613 | Gauntlet | Noticed a minotaur
  3627 | Gauntlet | Killed a minotaur
  3633 | Gauntlet | Got a worn book
  3763 | Lair:1   | Found a dark tunnel.
  3763 | Lair:1   | Noticed a lindwurm
  3772 | Volcano  | Entered a volcano
  3838 | Volcano  | HP: 1/96 [salamander/+2 glaive of venom (15)]
  3839 | Volcano  | Succumbed to a salamander's poison

Illustrated notes

Levels and vault maps discovered:
D:1:      dpeg_arrival_caged_fury, layout_basic, shapermc_ecumenical_altar_gd
D:2:      layout_loops_corners
D:3:      layout_loops_ring, general_overflow_altar
D:4:      layout_basic, mainiacjoe_overflow_cross_hatched,
          nzn_hepliaklqana_mist_gate, mainiacjoe_overflow_paths, temple_pool_b,
          serial_shops, shop, shop, shop, shop, uniq_duvessa, uniq_sigmund,
          uniq_edmund
D:5:      layout_rooms, ldierk_geyser, uniq_blork_the_orc
D:6:      layout_loops_ring, portal_sewer_entry_b, uniq_maggie
D:7:      layout_loops_corners, kiku_gazebo_garden_becter,
          nicolae_overflow_hidden_temple, mainiacjoe_overflow_surrounded_room,
          led_sif_pool, water_boxes_lemuel
D:8:      layout_loops_cross
D:9:      layout_irregular_city, marbit_many_paths
D:10:     layout_roguey, overflow_temple_1_default, nicolae_uskayaw_suspiria,
          minitemple, due_lair_maze_entry_diamond
Temple:   compressed_dpeg_triangle_lava_temple
Lair:1:   layout_loops_ring, gauntlet_entry_generic,
          nicolae_volcano_entry_vermiform, serial_bayou_shore_b,
          infiniplex_staircase_pool_2
Volcano:  volcano_village

Skill      XL: |  1  2  3  4  5  6  7  8  9 10 11 |
---------------+----------------------------------+-----
Axes           | 2 3 4 |  4.1
Evocations     | 1 3 4 |  4.0
Fighting       | 3 4 6 |  6.3
Maces & Flails | 2 3 6 10 12 | 12.8
Armour         | 4 |  4.6
Invocations    | 3 4 |  4.4
Shields        | |  3.2

Action                     |  1- 3 |  4- 6 |  7- 9 | 10-12 || total
---------------------------+-------+-------+-------+-------++-------
  Melee: War axe           |   101 |    11 |       |       ||   112
         Tailslap          |     2 |     2 |    30 |    26 ||    60
         Dire flail        |       |    11 |   278 |   217 ||   506
  Evoke: Wand              |       |    11 |    27 |     2 ||    40
         Phial of floods   |       |       |       |     1 ||     1
    Use: Scroll            |       |       |     8 |     4 ||    12
         Potion            |       |       |     7 |     1 ||     8
   Stab: Paralysed         |       |    10 |       |       ||    10
 Armour: Scale mail        |    91 |    15 |    95 |       ||   201
         Steam dragon scal |       |       |   139 |       ||   139
         Troll leather arm |       |       |    31 |   195 ||   226
         Chain mail        |       |       |       |    27 ||    27
  Dodge: Dodged            |    23 |     3 |    80 |    75 ||   181
  Block: Buckler           |    20 |     1 |       |       ||    21

Table legend: (Time is in decaauts)
 A = Elapsed time spent in this place.
 B = Non-inter-level travel time spent in this place.
 C = Inter-level travel time spent in this place.
 D = Time resting spent in this place.
 E = Time spent auto-exploring this place.
 F = Levels seen in this place.
 G = Mean time per level.
                   A        B        C        D        E       F      G
               +--------+--------+--------+--------+--------+-----+--------+
         Total |   3784 |   3697 |     87 |      0 |      0 |  15 |  252.3 |
       Dungeon |   2997 |   2938 |     59 |      0 |      0 |  10 |  299.7 |
        Temple |     30 |      2 |     28 |      0 |      0 |   1 |   30.0 |
          Lair |    238 |    238 |      0 |      0 |      0 |   1 |  238.0 |
         Sewer |    207 |    207 |      0 |      0 |      0 |   1 |  207.0 |
       Volcano |     63 |     63 |      0 |      0 |      0 |   1 |   63.0 |
      Gauntlet |    247 |    247 |      0 |      0 |      0 |   1 |  247.0 |
               +--------+--------+--------+--------+--------+-----+--------+

Top non-repeatable levels by time:
     D:9: 638 daAuts
     D:4: 506 daAuts
     D:6: 488 daAuts
     D:1: 330 daAuts
     D:8: 293 daAuts
     D:5: 283 daAuts
Gauntlet: 247 daAuts
  Lair:1: 238 daAuts
   Sewer: 207 daAuts
     D:3: 157 daAuts
     D:7: 155 daAuts
     D:2: 127 daAuts
 Volcano: 63 daAuts
  Temple: 30 daAuts
    D:10: 17 daAuts
